cohdb
Replays
Latest Replays
All Replays
Popular Replays
Top Player Replays
Match Explorer
How It Works
Community
CoH3 Stats
Reddit
Sign in to upload your games and track your stats! →
Sign in with Steam
Match 43013919
Unlisted
Match 43013919
Overview
Messages
Build Orders
End
Kradschützen Motorcycle Team
Selects Armored Support Battlegroup
250 Light Carrier
250 Light Carrier
Construct Light Support Kompanie
Combat Half-tracks
Fire Support Elements
Selects Superior Fire Drills
Flakvierling Half-track
Assault Mechanized Group
Vehicle Survival Package
Flakvierling Half-track
2.5-tonne Medical Truck
Kradschützen Motorcycle Team
Assault Mechanized Group
Selects Flammpanzer III Medium Tank
Flammpanzer III Medium Tank
Assault Grenadier Squad
Flammpanzer III Medium Tank
250 Light Carrier
Flammpanzer III Medium Tank
Selects Command Panzer IV F Medium Tank
이재모피자대기표도둑
matrix4x4
0
0
Comments
sign in to comment!
No comments posted yet!